Map: Rooftop Terrace

Players

Xeamek

  • Race: Zerg Zerg
  • Spawn Location: 12:00

JaWa

  • Race: Zerg Zerg
  • League: Gold
  • Spawn Location: 12:00

Piernik

  • Race: Protoss Protoss
  • Spawn Location: 11:00

Itetix

  • Race: Terran Terran
  • Spawn Location: 1:00

Maelthor

  • Race: Terran Terran
  • Spawn Location: 5:00

Iluvatar

  • Race: Terran Terran
  • Spawn Location: 7:00

Erfeyah

  • Race: Terran Terran
  • Spawn Location: 6:00

athabstract

  • Race: Protoss Protoss
  • Spawn Location: 6:00

VOD

Have the link to the VOD?

Description

Time

  • Played on: Nov. 25, 2017, 3:12 p.m.
  • Length: 23:23
Show
View Real Time Build Order
Export as new Build Order

Xeamek Zerg 

Build Orders: Pool First 

Get SALT Encoding   

  12  0:02  Drone  
  13  0:09  Drone  
  14  0:18  Extractor  
  14  0:19  Drone  
  15  0:23  Overlord  
  15  0:41  Spawning Pool  
  14  0:43  Drone  
  14  0:49  Drone  
  16  0:50  Drone  
  17  0:59  Drone  
  17  1:04  Extractor  
  17  1:26  Drone  
  17  1:27  Drone  
  17  1:30  Overlord  
  19  1:36  Hatchery  
  18  1:42  Queen  
  20  1:54  Zergling x2  
  20  1:55  Zergling x2  
  22  2:02  Zergling x2  
  23  2:16  Metabolic Boost  
  23  2:19  Zergling x2  
  24  2:27  Zergling x2  
  25  2:33  Zergling x2  
  26  2:42  Evolution Chamber  
  25  2:54  Zergling x6  
  28  3:03  Zergling x8  
  32  3:13  Zerg Melee Weapons Level 1, Baneling Nest  
  31  3:21  Zergling x6  
  34  3:34  Queen  
  34  3:38  Overlord  
  34  3:39  Overlord  
  34  3:55  Zergling x2  
  35  4:03  Lair  
  35  4:05  Zergling x6  
  38  4:15  Drone x2  
  40  4:20  Zergling x2  
  38  4:47  Zergling x8  
  38  4:48  Zergling x6  
  45  5:00  Zergling x4  
  47  5:08  Centrifical Hooks  
  47  5:23  Zergling x8  
  51  5:38  Extractor  
  50  5:54  Zergling x4  
  50  5:55  Overlord x2  
  50  5:56  Overlord  
  52  6:08  Baneling x9  
  52  6:18  Drone x3  
  26  6:56  Drone x7  
  26  6:57  Drone x2  
  35  7:05  Pneumatized Carapace  
  35  7:08  Overseer  
  35  7:23  Extractor  
  35  7:24  Drone x5  
  35  7:25  Extractor  
  36  8:07  Hydralisk Den  
  36  8:11  Drone, Infestation Pit  
  36  8:12  Drone x8  
  43  8:19  Drone  
  44  8:31  Zerg Missile Weapons Level 1  
  44  8:50  Lurker Den  
  44  8:52  Hive  
  43  9:01  Hydralisk  
  43  9:02  Hydralisk x4  
  45  9:04  Hatchery  
  52  9:14  Burrow  
  52  9:18  Extractor  
  52  9:19  Extractor  
  50  9:26  Drone x9  
  59  9:35  Muscular Augments, Evolution Chamber  
  58  9:38  Drone x2  
  60  10:00  Drone x6  
  60  10:01  Drone  
  67  10:14  Queen  
  69  10:22  Adaptive Talons  
  69  10:25  Queen  
  71  10:30  Zerg Ground Armor Level 1  
  71  10:31  Zerg Missile Weapons Level 2  
  71  10:35  Hydralisk  
  71  10:36  Hydralisk x4  
  71  10:38  Overlord x2  
  81  11:12  Queen  
  83  11:27  Hydralisk x7  
  83  11:30  Overlord  
  83  11:31  Overlord x4  
  83  11:32  Overlord  
  97  11:42  Lurker  
  98  12:07  Hatchery  
  97  12:43  Queen  
  97  12:44  Queen x2  
  97  12:46  Hydralisk  
  97  12:47  Hydralisk x16  
  137  13:00  Zerg Ground Armor Level 2, Zerg Missile Weapons Level 3  
  137  13:06  Adrenal Glands  
  137  13:14  Hydralisk  
  137  13:15  Hydralisk x3  
  137  13:17  Overlord  
  137  13:19  Queen  
  108  14:03  Hydralisk  
  108  14:04  Hydralisk x11  
  122  14:43  Hydralisk x10  
  142  15:01  Drone x6  
  148  15:18  Hatchery  
  147  15:27  Hydralisk  
  147  15:28  Hydralisk x2  
  153  15:31  Overlord  
  153  15:32  Overlord x3  
  153  15:57  Hydralisk  
  153  15:58  Hydralisk x7  
  169  16:07  Zerg Ground Armor Level 3  
  145  16:37  Overlord x5  
  145  16:38  Overlord x2  
  145  16:44  Zerg Melee Weapons Level 2  
  145  16:46  Hydralisk  
  145  16:47  Hydralisk x3  
  153  17:11  Drone  
  153  17:12  Drone x13  
  153  17:15  Hydralisk  
  169  17:28  Queen x4  
  177  18:04  Extractor x2  
  139  18:19  Hydralisk x6  
  87  18:20  Hydralisk x10  
  112  18:32  Hydralisk x2  
  112  18:33  Hydralisk x3  
  104  18:53  Hydralisk x4  
  67  20:22  Hatchery  
  66  20:37  Spawning Pool  
  65  20:52  Hatchery  
  65  20:54  Hatchery  
  63  21:50  Hydralisk x2  
  63  21:51  Hydralisk x6  
  63  21:53  Queen x3  
  85  22:28  Queen  
  85  22:29  Queen x2  
  91  22:33  Extractor  
  90  22:55  Hatchery  
  119  23:11  Extractor  
Show
View Real Time Build Order
Export as new Build Order

JaWa Zerg 

Build Orders: Pool First 

Get SALT Encoding   

  12  0:02  Drone  
  13  0:14  Overlord  
  13  0:18  Drone  
  14  0:32  Extractor  
  14  0:34  Drone x2  
  15  0:36  Drone  
  16  0:46  Drone  
  17  0:54  Spawning Pool  
  16  0:59  Drone  
  17  1:08  Drone  
  18  1:28  Hatchery  
  17  1:35  Drone x2  
  19  1:41  Metabolic Boost  
  19  1:45  Zergling x2  
  20  1:54  Zergling x2  
  21  2:04  Evolution Chamber  
  21  2:06  Queen  
  22  2:20  Overlord x2  
  22  2:30  Zerg Melee Weapons Level 1  
  20  3:26  Queen  
  24  3:30  Lair  
  24  3:33  Drone x3  
  24  3:34  Drone x6  
  31  3:45  Hatchery  
  30  3:56  Zergling x6  
  30  3:57  Zergling x2  
  34  4:03  Drone  
  34  4:09  Zergling x6  
  38  4:19  Zergling x4  
  40  4:25  Zergling x6  
  43  4:32  Zerg Melee Weapons Level 2  
  43  4:41  Zergling x2  
  43  4:42  Overlord  
  43  4:43  Overlord x2  
  44  5:06  Zergling x6  
  44  5:07  Zergling x10  
  39  5:52  Spire  
  39  5:56  Extractor  
  37  5:59  Drone x3, Extractor  
  37  6:01  Drone  
  37  6:02  Drone x2  
  42  6:08  Drone x3, Extractor  
  45  6:25  Drone x2  
  45  6:26  Drone  
  45  6:27  Drone x2, Spire  
  45  6:28  Drone  
  45  6:29  Drone  
  42  7:05  Overseer x3  
  42  7:09  Zerg Flyer Weapons Level 1  
  42  7:10  Drone, Mutalisk x2  
  42  7:11  Mutalisk  
  49  7:32  Spore Crawler  
  49  7:36  Zergling x6  
  49  7:37  Zergling x18  
  54  7:38  Zergling x12  
  60  7:48  Zergling x2  
  60  7:49  Zergling x8  
  50  8:30  Mutalisk  
  50  8:31  Mutalisk x6  
  50  8:32  Mutalisk  
  66  8:34  Mutalisk  
  60  9:21  Zerg Flyer Weapons Level 2  
  60  9:24  Zerg Flyer Armor Level 1  
  60  9:30  Spore Crawler  
  59  9:39  Hatchery  
  58  10:01  Mutalisk x3  
  58  10:02  Mutalisk x3  
  58  10:04  Overlord x2  
  58  10:05  Overlord x6  
  58  10:06  Overlord x5  
  70  10:21  Mutalisk x2  
  74  10:30  Infestation Pit  
  74  10:35  Spore Crawler  
  72  10:40  Mutalisk  
  74  11:04  Hatchery  
  74  11:11  Extractor  
  72  11:14  Spore Crawler  
  72  11:16  Extractor  
  70  11:33  Drone x3  
  70  11:36  Drone x3  
  76  11:42  Mutalisk x2  
  76  11:43  Mutalisk x5  
  90  11:56  Hive  
  90  12:09  Mutalisk  
  92  12:30  Drone x4, Mutalisk x3  
  92  12:32  Mutalisk  
  104  12:42  Queen  
  106  12:45  Mutalisk x2  
  110  13:06  Zerg Flyer Armor Level 2  
  110  13:42  Mutalisk x2  
  110  13:43  Mutalisk x5  
  120  13:51  Mutalisk  
  114  14:44  Mutalisk x2  
  114  14:45  Mutalisk x7  
  72  15:12  Mutalisk x3  
  72  15:13  Mutalisk  
  80  15:15  Zergling x8  
  80  15:16  Zergling x14  
  80  15:17  Zergling x14  
  98  15:28  Zerg Melee Weapons Level 3  
  98  15:46  Mutalisk x2  
  98  15:48  Zergling x10  
  98  15:49  Zergling x8  
  111  15:50  Zergling x2  
  112  16:05  Adrenal Glands  
  112  16:16  Zerg Flyer Weapons Level 3  
  112  16:23  Spore Crawler  
  111  16:42  Zerg Flyer Armor Level 3  
  111  16:53  Mutalisk x2  
  115  16:57  Zergling x2  
  115  16:58  Zergling x12  
  115  16:59  Zergling x8, Overlord  
  126  17:22  Overseer x2  
  126  17:25  Mutalisk  
  126  17:26  Mutalisk x2  
  126  17:28  Zergling x10  
  137  17:31  Overlord  
  137  17:36  Overlord  
  137  17:40  Overlord  
  137  17:44  Overlord  
  137  18:03  Mutalisk x4  
  57  18:29  Zergling x6  
  57  18:30  Zergling x8  
  57  18:31  Zergling x12  
  57  18:32  Zergling x2  
  67  18:58  Baneling Nest  
  66  19:28  Zergling x16  
  66  19:29  Zergling x16  
  66  19:30  Zergling x12  
  66  19:31  Zergling x6  
  91  19:51  Centrifical Hooks  
  91  19:56  Baneling x2  
  91  19:57  Baneling x7  
  91  19:58  Baneling x6  
  91  19:59  Baneling x4  
  91  20:01  Baneling  
  91  20:02  Baneling x2  
  91  21:02  Zergling x2  
  91  21:03  Zergling x16  
  91  21:04  Zergling x10, Overlord  
  104  21:05  Overlord x5  
  104  21:06  Zergling x2  
  104  21:07  Zergling x14  
  104  21:08  Zergling x16  
  121  21:30  Baneling x5  
  121  21:31  Baneling x7  
  121  21:35  Baneling x6  
  121  21:36  Baneling x7  
  121  21:37  Baneling x7  
  121  21:38  Baneling x7  
  121  21:39  Baneling x8  
  121  21:40  Baneling x7  
  121  21:41  Baneling x6  
  121  21:42  Baneling x9  
  121  21:43  Baneling x7  
  121  21:44  Baneling x8  
  121  21:45  Baneling x7  
  121  21:46  Baneling x8  
  121  21:47  Baneling x8  
  121  21:48  Baneling x7  
  121  21:49  Baneling x2  
  121  21:54  Zergling x2  
  121  21:55  Zergling x16  
  121  21:56  Zergling x10  
  121  21:57  Zergling x2  
  136  22:25  Zergling x4  
  136  22:26  Zergling x12  
  136  22:27  Zergling x10  
  136  22:29  Zergling x2  
  150  22:32  Zergling x2  
  150  22:34  Zergling x2  
  152  22:41  Zergling x2  
  152  22:42  Zergling x4  
Show
View Real Time Build Order
Export as new Build Order

Piernik Protoss 

Build Orders:  

Get SALT Encoding   

  12  0:01  Probe  
  13  0:17  Probe (Chrono Boost), Pylon  
  15  0:29  Probe (Chrono Boost)  
  15  0:37  Gateway  
  15  0:38  Probe  
  16  0:53  Probe  
  17  0:57  Assimilator  
  17  1:05  Probe  
  18  1:14  Pylon  
  18  1:16  Gateway  
  18  1:17  Probe  
  19  1:31  Cybernetics Core  
  19  1:32  Probe  
  20  1:40  Assimilator  
  20  1:44  Probe  
  21  1:56  Probe  
  22  2:08  Nexus  
  22  2:11  Warp Gate (Chrono Boost)  
  22  2:33  Forge  
  22  2:34  Stargate  
  22  3:12  Probe (Chrono Boost)  
  24  3:24  Probe (Chrono Boost), Pylon  
  24  3:26  Probe  
  25  3:28  Pylon  
  25  3:32  Gateway  
  25  3:33  Gateway  
  25  3:35  Probe  
  25  3:37  Pylon  
  25  3:38  Probe  
  27  3:41  Protoss Ground Weapons Level 1  
  27  3:50  Probe  
  28  4:00  Twilight Council  
  28  4:01  Pylon  
  28  4:03  Probe (Chrono Boost)  
  28  4:06  Probe (Chrono Boost)  
  32  4:18  Probe x2 (Chrono Boost)  
  34  4:24  Probe x2 (Chrono Boost)  
  34  4:30  Gateway  
  34  4:31  Adept x2  
  34  4:32  Probe  
  34  4:37  Adept  
  41  4:40  Resonating Glaives  
  41  4:45  Adept  
  41  4:52  Adept  
  45  4:56  Probe (Chrono Boost)  
  46  5:04  Adept x2  
  46  5:06  Probe (Chrono Boost)  
  51  5:10  Probe  
  52  5:16  Adept  
  52  5:17  Adept  
  56  5:29  Fleet Beacon  
  56  5:32  Gateway x2  
  56  5:39  Adept x3  
  62  5:46  Protoss Ground Weapons Level 2  
  58  6:12  Adept x4  
  38  7:00  Adept x2  
  42  7:02  Adept x5  
  52  7:13  Dark Shrine  
  52  7:25  Nexus  
  52  7:29  Assimilator  
  52  7:32  Pylon, Assimilator  
  52  7:42  Assimilator  
  52  7:43  Adept x2  
  52  7:44  Adept x5  
  56  7:45  Assimilator  
  48  8:09  Adept x6  
  58  8:33  Probe (Chrono Boost)  
  61  8:44  Probe x2 (Chrono Boost)  
  61  8:47  Probe  
  62  8:49  Probe  
  62  8:54  Adept x2  
  62  8:55  Adept x4  
  75  8:59  Probe, Carrier (Chrono Boost)  
  75  9:02  Probe  
  83  9:11  Probe (Chrono Boost), Protoss Air Weapons Level 1 (Chrono Boost)  
  83  9:13  Stargate x2  
  83  9:16  Probe (Chrono Boost)  
  85  9:23  Probe (Chrono Boost)  
  87  9:25  Blink  
  87  9:28  Probe x3 (Chrono Boost)  
  87  9:31  Graviton Catapult, Protoss Shields Level 1 (Chrono Boost)  
  89  9:47  Adept x2  
  93  9:58  Pylon  
  93  9:59  Pylon  
  93  10:00  Pylon  
  93  10:01  Carrier  
  99  10:40  Protoss Air Armor Level 1 (Chrono Boost)  
  99  11:09  Carrier x2  
  111  11:23  Zealot  
  111  11:24  Zealot x2  
  117  11:31  Pylon  
  117  11:33  Pylon  
  117  11:41  Shield Battery x2  
  117  11:42  Shield Battery  
  117  11:50  Shield Battery  
  117  11:53  Shield Battery  
  123  11:58  Zealot x4  
  123  11:59  Carrier (Chrono Boost), Zealot  
  133  12:03  Charge  
  133  12:16  Pylon x2  
  133  12:18  Pylon  
  133  12:20  Protoss Air Weapons Level 2  
  133  12:21  Pylon  
  133  12:23  Pylon  
  133  12:34  Mothership  
  141  12:42  Protoss Shields Level 2  
  153  12:47  Carrier x2 (Chrono Boost)  
  153  13:04  Zealot x4  
  153  13:05  Zealot x2  
  165  13:08  Carrier  
  119  13:54  Zealot x6  
  119  14:03  Carrier (Chrono Boost)  
  119  14:04  Carrier (Chrono Boost)  
  119  14:34  Carrier (Chrono Boost)  
  119  14:37  Protoss Air Weapons Level 3 (Chrono Boost)  
  125  15:19  Carrier (Chrono Boost)  
  125  15:20  Carrier (Chrono Boost)  
  137  15:48  Nexus  
  137  15:50  Pylon  
  137  15:51  Pylon  
  137  15:55  Protoss Shields Level 3  
  143  15:59  Carrier (Chrono Boost)  
  143  16:26  Assimilator  
  143  16:27  Assimilator  
  143  16:40  Carrier (Chrono Boost)  
  143  16:44  Protoss Air Armor Level 2 (Chrono Boost)  
  143  16:45  Carrier (Chrono Boost)  
  155  17:15  Carrier  
  161  17:27  Zealot x2  
  161  17:28  Zealot x3  
  161  17:29  Zealot  
  173  17:55  Carrier  
  179  18:00  Carrier  
  181  18:41  Carrier  
  173  20:12  Mothership  
  173  20:13  Carrier x2  
  173  20:14  Carrier  
  191  21:39  Carrier x2  
Show
View Real Time Build Order
Export as new Build Order

Itetix Terran 

Build Orders: Cyclone Opening, MMM Bio 

Get SALT Encoding   

  12  0:01  SCV  
  13  0:13  SCV  
  14  0:30  Supply Depot  
  14  0:39  SCV  
  14  0:41  Refinery  
  15  0:57  Barracks  
  15  0:59  SCV  
  16  1:08  Refinery  
  16  1:11  SCV  
  17  1:23  SCV  
  18  1:35  SCV  
  19  1:47  SCV, Factory  
  20  1:59  SCV  
  21  2:05  Barracks Reactor  
  21  2:09  Supply Depot  
  21  2:13  SCV  
  22  2:25  SCV  
  27  2:53  Cyclone x2  
  27  2:56  Barracks  
  29  3:04  Supply Depot  
  29  3:10  Orbital Command  
  29  3:14  Barracks Tech Lab  
  29  3:26  Supply Depot  
  29  3:34  Cyclone x2  
  35  3:36  Marine  
  36  3:52  Bunker  
  36  4:02  Barracks Reactor  
  36  4:03  Combat Shields  
  36  4:05  Marine  
  37  4:22  Supply Depot  
  37  4:23  Marine, Widow Mine x2  
  42  4:39  Marine x2  
  42  4:41  Marine  
  45  4:57  Marine x2  
  45  4:59  Marine  
  48  5:05  Widow Mine x2  
  52  5:14  Marine x2  
  54  5:26  Supply Depot  
  54  5:32  Marine  
  55  5:47  Marine  
  56  5:50  Marine x2  
  56  5:57  Stimpack  
  58  6:05  Marine  
  58  6:08  Marine x2  
  61  6:23  Marine  
  61  6:24  Starport  
  62  6:31  Starport  
  62  6:39  Marine  
  63  6:42  Command Center  
  63  7:06  Supply Depot  
  63  7:24  Starport Tech Lab  
  63  7:27  Widow Mine, Marine, Starport Tech Lab  
  63  7:29  Supply Depot  
  66  7:30  Supply Depot  
  66  7:52  Supply Depot  
  66  8:25  Marine x3  
  69  8:29  Banshee  
  69  8:30  Banshee  
  69  8:32  Cloaking Field  
  75  8:36  Hyperflight Rotors  
  75  8:42  Marine  
  75  8:43  Marine x2  
  78  9:12  Medivac  
  78  9:15  Medivac  
  82  9:23  Marine x3  
  85  9:24  Widow Mine  
  85  9:25  Widow Mine  
  89  9:32  Orbital Command  
  89  9:40  Marine  
  89  9:41  Marine x2  
  92  9:56  Medivac  
  92  9:58  Medivac  
  92  9:59  Marauder  
  98  10:14  Marine  
  98  10:21  Marauder  
  101  10:26  Medivac  
  103  10:42  Marauder  
  102  11:11  SCV  
  102  11:12  SCV  
  104  11:20  Command Center  
  104  11:23  SCV  
  104  11:24  SCV  
  104  11:25  Supply Depot  
  106  11:36  SCV x2, Factory  
  106  11:37  Factory  
  108  11:47  Supply Depot  
  108  11:53  Engineering Bay  
  96  12:10  Supply Depot  
  94  13:08  Terran Infantry Weapons Level 1  
  94  13:15  Command Center  
  94  13:18  Factory Tech Lab  
  94  13:23  Factory Tech Lab  
  53  14:03  Marine x2  
  53  14:04  Marine  
  54  14:21  Marine x3  
  56  14:39  Marine x3, Siege Tank x2  
  65  14:57  Marine x3  
  68  15:01  SCV  
  68  15:02  SCV  
  70  15:11  Siege Tank x2  
  70  15:13  SCV  
  77  15:14  SCV, Marine  
  77  15:15  Marine x2, Terran Infantry Armor Level 1  
  81  15:32  Marine  
  81  15:33  Marine x2  
  84  15:44  Siege Tank  
  84  15:48  Siege Tank  
  90  15:50  Marine x2  
  83  16:31  Marine x3  
  86  16:48  Marine  
  86  16:49  Marine x2  
  89  17:05  Orbital Command  
  89  17:06  Marine  
  90  17:46  SCV  
  91  17:51  Marine  
  91  17:52  Marine x2  
  95  17:58  SCV  
  95  18:09  Marine x2  
  26  20:24  Supply Depot  
  26  20:28  Factory Tech Lab  
  26  20:30  Supply Depot  
  26  20:33  Refinery  
  26  20:48  Supply Depot  
  26  20:54  Supply Depot  
  26  20:58  SCV  
  26  20:59  Refinery  
  27  21:10  SCV, Supply Depot  
  28  21:20  Barracks  
  28  21:22  SCV  
  29  21:34  SCV  
  30  21:46  SCV  
  31  21:58  SCV  
  32  22:05  Barracks  
  32  22:08  Barracks  
  32  22:10  SCV  
  33  22:18  Barracks Reactor  
  33  22:23  SCV  
  34  22:33  Supply Depot  
  34  22:55  Supply Depot, Barracks  
  34  22:56  Barracks  
  34  23:01  Barracks Reactor  
  34  23:03  Barracks Reactor  
  34  23:18  Supply Depot  
Show
View Real Time Build Order
Export as new Build Order

Maelthor Terran 

Build Orders: MMM Bio 

Get SALT Encoding   

  12  0:01  SCV  
  13  0:14  SCV  
  14  0:24  Supply Depot  
  14  0:26  SCV  
  15  0:43  Refinery  
  15  0:46  SCV  
  16  0:51  Barracks  
  16  0:58  SCV  
  17  1:15  SCV  
  18  1:21  Barracks  
  18  1:27  SCV  
  18  1:32  Refinery  
  19  1:39  Barracks Reactor  
  19  1:45  Orbital Command  
  19  2:04  Supply Depot  
  19  2:08  Barracks Reactor  
  19  2:11  Factory, SCV  
  20  2:18  Marine x2  
  22  2:26  SCV  
  22  2:29  Supply Depot  
  23  2:37  Marine  
  23  2:38  SCV, Marine  
  26  2:44  Marine x2  
  28  2:54  SCV  
  28  2:56  Hellion  
  31  2:59  Marine  
  31  3:00  Marine  
  33  3:07  SCV  
  33  3:08  Marine x2  
  36  3:17  Supply Depot  
  36  3:19  SCV  
  37  3:22  Marine  
  38  3:29  Marine  
  39  3:38  SCV, Marine  
  39  3:39  Hellion  
  43  3:57  Marine x4  
  47  4:15  Factory Tech Lab, Command Center  
  47  4:20  Supply Depot  
  47  4:40  Infernal Pre-Igniter  
  47  4:41  SCV, Marine x4  
  52  4:52  Engineering Bay  
  52  4:54  SCV  
  52  4:55  Factory  
  52  4:57  Hellion  
  55  5:21  Supply Depot  
  55  5:27  SCV, Marine x4, Hellion  
  62  5:35  Barracks  
  60  5:44  Marine x4  
  60  5:47  Factory Tech Lab  
  60  5:48  Supply Depot  
  64  6:02  Marine  
  42  6:19  Marine x3  
  42  6:20  Marine  
  42  6:22  Siege Tank x2  
  42  6:23  Barracks Tech Lab  
  52  6:37  Marine  
  51  6:43  Marine x2  
  51  6:48  Stimpack  
  51  6:54  Hellion  
  51  6:55  Hellion  
  51  6:57  Marine x3  
  51  7:00  SCV  
  60  7:11  Orbital Command  
  60  7:13  Missile Turret  
  59  7:19  Marine x4  
  59  7:20  Marine  
  64  7:31  SCV  
  64  7:33  Terran Infantry Weapons Level 1  
  64  7:43  SCV  
  63  7:45  Marine x3  
  63  7:46  Marine x2  
  63  7:47  Siege Tank  
  71  7:54  SCV  
  71  7:55  SCV  
  69  8:04  Marine x2  
  69  8:05  Siege Tank  
  58  8:06  SCV  
  58  8:07  SCV  
  57  8:18  SCV  
  57  8:19  SCV  
  59  8:20  Starport, Siege Tank  
  59  8:26  Marine x4  
  68  8:27  Marauder  
  68  8:30  SCV  
  68  8:31  SCV  
  70  8:43  Command Center  
  70  8:46  Marine  
  70  8:47  Marine  
  72  8:56  Marine x3  
  75  9:04  Marine x2  
  75  9:07  SCV x2  
  79  9:13  Marine  
  79  9:15  Combat Shields  
  80  9:17  Starport Reactor  
  80  9:21  Barracks  
  80  9:25  Marine x3  
  80  9:27  Supply Depot  
  80  9:29  Supply Depot  
  80  9:30  Terran Infantry Armor Level 1  
  83  9:35  Marine, Armory  
  83  9:36  Marine  
  85  9:39  SCV  
  86  9:46  Refinery  
  86  9:49  SCV  
  86  9:51  Marine x2  
  89  9:54  Medivac x2, Marauder  
  89  9:55  SCV  
  89  9:59  Orbital Command  
  96  10:03  Marine  
  96  10:04  Marine  
  96  10:06  SCV  
  99  10:08  SCV  
  100  10:15  Marauder  
  100  10:18  SCV  
  100  10:19  Barracks Tech Lab, Supply Depot  
  100  10:20  SCV  
  104  10:21  Supply Depot  
  104  10:22  Marine  
  104  10:26  Siege Tank  
  104  10:27  Medivac  
  110  10:30  Medivac  
  109  10:36  Missile Turret  
  109  10:37  Marauder  
  105  11:04  Siege Tank x2, Missile Turret  
  105  11:06  Medivac x2, Missile Turret  
  105  11:08  SCV  
  105  11:10  SCV  
  117  11:25  Missile Turret  
  117  11:26  Engineering Bay  
  117  11:27  SCV x2  
  117  11:28  SCV  
  120  11:39  SCV  
  121  11:42  Marine x3  
  121  11:43  Marine x2, Marauder  
  121  11:47  SCV x2  
  130  11:51  SCV  
  131  12:00  Marine x2  
  133  12:31  Marine  
  133  12:32  Supply Depot, Marauder  
  133  12:36  Supply Depot  
  133  12:39  Terran Infantry Weapons Level 2  
  133  12:40  Terran Infantry Armor Level 2  
  133  12:53  Marine x3  
  133  12:54  SCV, Marauder x2  
  133  12:55  Supply Depot  
  133  12:58  Thor, SCV x2  
  149  13:00  Supply Depot  
  149  13:09  Supply Depot  
  149  13:16  Marine x4  
  149  13:17  Medivac, Marauder  
  157  13:21  Supply Depot  
  157  13:22  Marauder  
  157  13:25  Supply Depot  
  158  13:34  Marine  
  155  13:54  Marine x4  
  155  13:55  Marauder x2  
  132  13:58  Medivac x2  
  124  14:12  Marine x4  
  128  14:17  Terran Vehicle And Ship Armor Level 1  
  128  14:19  Barracks  
  128  14:20  Barracks  
  128  14:36  Marine x2  
  128  14:37  Marine x4  
  131  14:40  Thor  
  131  14:54  Marine  
  117  15:00  Marine  
  117  15:01  Marine x4  
  120  15:07  Barracks  
  120  15:10  Barracks Reactor x2  
  120  15:12  Marine  
  121  15:18  Marine  
  121  15:19  Marine  
  121  15:21  Marine x2  
  123  15:22  SCV x3  
  123  15:27  Refinery  
  128  15:30  Refinery  
  128  15:34  SCV  
  128  15:35  Marine x2  
  131  15:36  SCV x2, Marine x2  
  131  15:39  Marine  
  136  15:44  Refinery  
  136  15:54  Marine x6, Marauder  
  136  15:55  Marine x2, Command Center  
  136  15:56  Marine  
  147  16:06  SCV x3  
  147  16:08  Thor  
  156  16:12  Marine x5  
  156  16:13  Marauder  
  156  16:18  SCV  
  137  16:33  Marine x8, Marauder  
  137  16:35  Marauder  
  137  16:37  Siege Tank  
  152  16:50  Marine x3  
  152  16:51  Marine  
  156  16:54  Marauder  
  156  16:56  Marauder  
  160  17:05  Missile Turret x2  
  160  17:06  Missile Turret  
  160  17:09  Missile Turret  
  160  17:11  Missile Turret  
  160  17:12  Missile Turret, Orbital Command  
  160  17:16  Marine x8, Marauder  
  160  17:17  Marine  
  171  17:30  Refinery  
  171  17:34  Marine x3  
  171  17:35  Barracks, Marauder  
  171  17:36  Terran Infantry Weapons Level 3, Barracks  
  176  17:37  Marauder  
  176  17:39  Marine x5  
  176  17:41  Refinery  
  183  17:51  Marine  
  183  18:11  Marine x5, Marauder  
  183  18:12  Marine  
  158  18:14  Marine x3  
  151  18:29  Marine x3  
  154  18:39  Marine  
  154  18:40  Marine x5, Marauder  
  159  18:42  Thor x2  
  169  18:51  Terran Infantry Armor Level 3  
  145  19:26  Marine  
  145  19:27  Marine x8  
  133  19:31  Marine  
  133  19:34  Thor x2  
  123  19:44  Marine x4  
  123  19:45  Marine x4  
  110  19:48  Marine  
  110  19:49  Marine  
  113  20:02  Marine x4  
  113  20:03  Marine x2  
  113  20:04  Barracks Reactor  
  113  20:05  Barracks Reactor  
  119  20:22  Marine x2  
  119  20:23  Marine x7  
  119  20:26  Barracks Reactor  
  119  20:27  Marine  
  129  20:29  Thor  
  135  20:40  Marine x2  
  137  20:49  Thor  
  143  20:50  Marine x6  
  143  20:51  Marine  
  150  20:59  Marine x5  
  150  21:00  Marine x2  
  150  21:02  Marine  
  158  21:07  Marine  
  158  21:08  Marine x4  
  163  21:14  Marine  
  163  21:15  Marine x2  
  163  21:17  Thor  
  172  21:28  Marine x6  
  172  21:29  Marine x7  
  134  21:48  Marine  
  134  21:49  Marine x7  
  134  21:50  Marine  
  99  21:54  Marine x6  
  99  21:55  Marine  
  99  21:57  Thor  
  112  22:06  Marine x3  
  112  22:07  Marine  
  94  22:15  Marine  
  94  22:16  Marine x6  
  94  22:17  Marine x2  
  103  22:25  Viking  
  106  22:38  Marine x4  
  106  22:39  Marine x3  
Show
View Real Time Build Order
Export as new Build Order

Iluvatar Terran 

Build Orders: MMM Bio 

Get SALT Encoding   

  12  0:01  SCV  
  13  0:13  SCV  
  14  0:22  Supply Depot  
  14  0:27  SCV  
  15  0:44  SCV  
  15  0:47  Barracks  
  16  0:56  SCV  
  17  1:12  SCV  
  17  1:16  Barracks x2  
  18  1:29  SCV  
  19  1:39  Refinery  
  19  1:41  Marine, Refinery  
  19  1:45  SCV  
  21  2:00  SCV  
  22  2:02  Marine  
  23  2:12  Supply Depot  
  23  2:14  Orbital Command  
  23  2:17  Barracks Reactor  
  23  2:21  Barracks Tech Lab  
  23  2:30  Barracks Tech Lab  
  23  2:35  Supply Depot  
  23  2:45  SCV  
  23  2:49  Marine, Stimpack  
  25  3:12  Marine x2  
  25  3:13  Marine  
  25  3:17  Marine  
  29  3:22  SCV  
  30  3:30  Factory, Marine x2  
  30  3:31  Marine  
  30  3:33  Combat Shields  
  33  3:34  SCV  
  33  3:35  Marine  
  35  3:50  Marine x2  
  35  3:51  SCV  
  35  3:53  Marine  
  39  4:08  Supply Depot  
  39  4:11  Supply Depot  
  39  4:16  Factory Reactor  
  39  4:21  Starport  
  39  4:29  SCV, Marine x4  
  44  4:42  SCV  
  45  4:49  Marine  
  45  4:50  Marine  
  45  4:51  Marine  
  48  4:53  Marine  
  48  4:55  Command Center  
  49  5:07  Marine  
  49  5:08  Marine  
  49  5:09  Marine  
  49  5:13  Medivac, Supply Depot  
  54  5:15  SCV  
  55  5:24  Supply Depot  
  55  5:35  Medivac, Marine x2  
  59  5:37  SCV  
  59  5:38  Supply Depot  
  60  5:48  Marine x2  
  60  5:49  Medivac  
  64  5:51  SCV  
  65  6:02  Marine x2  
  65  6:03  SCV  
  68  6:05  Medivac  
  68  6:10  SCV  
  71  6:15  SCV  
  72  6:19  Medivac  
  55  6:54  Marine x4  
  59  7:17  Marine x3  
  59  7:18  Marine  
  59  7:19  Medivac x2  
  67  7:27  SCV x2  
  69  7:35  Marine  
  70  7:39  SCV x2  
  67  7:51  SCV x2  
  68  8:03  SCV x2  
  69  8:07  Marine x4  
  67  8:15  SCV  
  67  8:16  SCV  
  62  8:25  Medivac x2, Marine x4  
  70  8:27  SCV  
  70  8:28  SCV  
  72  8:38  Refinery  
  72  8:40  SCV x2  
  72  8:41  Command Center, Refinery  
  74  8:42  Marine  
  74  8:43  Marine x3  
  78  8:50  Barracks  
  78  8:52  SCV x2  
  78  8:55  Medivac x2  
  83  9:00  Marine  
  83  9:01  Marine  
  85  9:16  SCV x2  
  87  9:22  Supply Depot  
  87  9:25  Medivac, Supply Depot  
  87  9:28  SCV  
  90  9:44  Factory  
  90  9:47  Factory  
  90  9:48  Factory  
  90  9:52  Factory  
  90  9:53  Armory  
  90  9:58  Engineering Bay  
  90  9:59  Marine x4  
  93  10:02  Engineering Bay  
  93  10:04  Factory Tech Lab  
  93  10:06  Medivac x2  
  98  10:17  Marine x2  
  100  10:26  Supply Depot  
  100  10:28  Supply Depot  
  100  10:30  SCV x3  
  103  10:40  Barracks Reactor  
  103  10:42  SCV  
  104  10:47  Factory Tech Lab x3  
  104  10:50  Thor  
  104  10:51  Supply Depot  
  110  10:57  Viking x2  
  110  10:58  SCV  
  110  10:59  SCV x2  
  117  11:10  SCV  
  117  11:11  SCV x2  
  120  11:16  Factory Tech Lab  
  120  11:17  Thor  
  126  11:23  SCV x3  
  129  11:28  Thor  
  135  11:35  SCV  
  136  11:41  SCV x2  
  138  11:47  SCV  
  139  11:58  Thor  
  145  12:26  Thor x2  
  157  12:30  Supply Depot  
  157  12:31  Supply Depot  
  157  12:32  Command Center  
  157  12:43  Refinery x2  
  157  12:55  Supply Depot  
  157  12:57  Supply Depot  
  157  12:59  Thor x2  
  157  13:02  Marine x3  
  100  14:16  Thor x3  
  118  14:19  SCV x2  
  80  14:31  SCV x2  
  82  14:42  SCV  
  82  14:43  SCV x2  
  85  14:54  SCV  
  85  14:55  SCV  
  85  14:56  SCV  
  88  15:44  Marine  
  88  15:45  Marine x4  
  88  15:46  Marine  
  94  16:02  Marine x2  
  96  16:05  Marine x3  
  96  16:06  Marine  
  100  16:18  SCV x3  
  103  16:20  Marine x2  
  105  16:26  Command Center  
  105  16:27  Marine  
  105  16:28  Marine  
  105  16:30  SCV x3  
  110  16:37  Terran Infantry Weapons Level 1  
  110  16:41  Terran Infantry Armor Level 1  
  110  16:42  SCV x3  
  114  16:54  SCV x2  
  115  17:04  SCV  
  115  17:06  SCV  
  117  17:12  Marine x3  
  117  17:13  Marine x2  
  122  17:19  Marine  
  123  17:23  SCV x3  
  123  17:29  Marine  
  126  17:30  Marine x2  
  126  17:31  Marine x2  
  126  17:35  SCV x3  
  134  17:40  Marine  
  135  17:47  SCV x3, Marine  
  139  17:59  SCV  
  109  18:27  Marine  
  109  18:28  Marine x4  
  111  18:45  Marine  
  111  18:46  Marine x3  
  110  19:03  Marine x2  
  110  19:04  Marine  
  73  19:21  Marine  
  54  19:27  Marine x2  
  51  19:39  Marine  
  51  19:44  Marine  
  51  19:45  Marine  
  51  19:56  Marine  
  52  20:02  Marine x2  
  52  20:04  Refinery  
  52  20:06  Refinery  
  50  20:14  Marine  
  48  20:26  Refinery  
  42  20:44  Viking x2  
  46  20:55  Marine x3  
  49  21:08  Barracks x2  
  49  21:11  Barracks x2  
  49  21:12  Marine, Barracks  
  49  21:13  Marine  
  49  21:15  SCV x2  
  49  21:16  SCV  
  54  21:19  Barracks  
  54  21:27  SCV  
  54  21:28  SCV x2  
  57  21:39  SCV  
  58  21:40  SCV x2  
  60  21:52  SCV x2  
  62  21:59  Marine x5  
  62  22:00  Marine  
  62  22:01  Marine  
  63  22:17  Marine x4  
  63  22:19  Viking x2  
  63  22:22  Barracks Reactor x3  
  71  22:23  Barracks Reactor  
  65  22:34  Marine  
  65  22:35  Marine x2  
  68  22:56  Marine  
  68  22:57  Marine x3  
  72  23:03  Command Center  
Show
View Real Time Build Order
Export as new Build Order

Erfeyah Terran 

Build Orders:  

Get SALT Encoding   

  12  0:02  SCV  
  13  0:46  Supply Depot  
  13  0:51  SCV  
  14  0:59  Refinery  
  14  1:03  SCV  
  15  1:13  Barracks  
  15  1:15  SCV  
  16  1:25  Supply Depot  
  16  1:28  SCV  
  17  1:40  SCV  
  17  1:42  Barracks  
  18  2:07  Barracks  
  18  2:21  Factory  
  18  2:22  SCV  
  19  2:34  SCV, Marine  
  21  2:46  Marine  
  22  2:51  Marine  
  23  3:04  Marine  
  24  3:07  SCV  
  24  3:11  Marine  
  24  3:12  Marine  
  27  3:19  SCV, Factory Tech Lab  
  28  3:21  Marine  
  29  3:29  Marine  
  30  3:36  SCV  
  31  3:43  Command Center  
  31  4:13  Starport  
  31  4:16  Starport  
  31  4:21  Starport  
  31  4:54  SCV, Medivac, Marine x3  
  31  4:57  Refinery  
  37  5:03  SCV  
  37  5:06  SCV  
  39  5:12  Marine x3  
  42  5:15  SCV  
  42  5:18  SCV  
  44  5:27  SCV  
  45  5:30  Reaper  
  46  7:47  Barracks  
  46  8:18  Supply Depot  
  46  8:21  Supply Depot  
  46  8:25  Supply Depot  
  46  8:35  Barracks  
  46  8:38  Refinery  
  46  8:39  SCV, Medivac x3, Marine  
  54  8:42  Marine x2  
  54  8:43  SCV  
  57  8:51  SCV  
  57  8:55  SCV  
  59  8:57  Marine  
  59  9:00  Marine x2  
  62  9:03  SCV  
  62  9:07  SCV  
  62  9:09  Medivac x3  
  70  9:24  Barracks  
  70  9:46  Supply Depot  
  70  9:48  Supply Depot  
  70  9:53  Supply Depot  
  70  10:07  Medivac x2, Marine x3  
  70  10:08  SCV  
  70  10:10  SCV, Medivac  
  70  10:12  Supply Depot  
  70  10:13  Barracks  
  81  10:19  Supply Depot  
  81  10:20  SCV  
  82  10:22  SCV  
  82  10:25  Marine x3  
  86  10:32  SCV  
  86  10:34  SCV  
  88  10:37  Medivac x2  
  88  10:40  Medivac  
  88  10:42  Supply Depot  
  94  10:43  Marine x3  
  94  10:46  SCV  
  94  10:47  SCV  
  99  10:58  SCV  
  99  10:59  SCV  
  99  11:01  Marine x3  
  104  11:06  Supply Depot  
  104  11:07  Medivac x2  
  104  11:10  Medivac  
  104  11:11  SCV x2  
  112  11:19  Marine  
  112  11:23  SCV x2  
  115  11:29  Supply Depot  
  115  11:35  SCV  
  115  11:37  Medivac  
  118  11:50  SCV x2  
  118  11:53  Marine x3  
  123  11:57  Medivac x2  
  127  12:02  SCV x2  
  127  12:07  Medivac  
  131  12:10  Marine  
  131  12:11  Marine x2  
  134  13:35  Marine  
  134  13:41  SCV  
  134  14:02  Marine  
  134  14:05  Marine  
  134  14:07  Marine  
  133  14:10  SCV  
  133  14:11  SCV  
  133  14:13  Medivac  
  133  14:14  Medivac  
  134  14:19  Medivac  
  134  14:20  Marine  
  134  14:22  SCV  
  134  14:23  SCV, Marine  
  121  14:25  Marine  
  109  14:37  Marine  
  82  14:40  Marine  
  82  14:43  Medivac, Marine  
  82  14:44  Medivac  
  88  14:49  Medivac  
  90  14:55  Marine  
  90  14:58  Marine  
  92  15:00  Marine  
  93  15:13  Medivac, Marine  
  96  15:14  Medivac  
  96  15:16  Marine  
  96  15:18  Marine  
  96  15:19  Viking  
  102  15:26  SCV x2  
  104  15:31  Marine  
  104  15:34  Marine  
  106  15:36  Marine  
  106  15:38  SCV x2  
  106  15:39  Supply Depot  
  109  15:43  Medivac  
  109  15:44  Medivac  
  109  15:49  Medivac, Supply Depot  
  115  15:50  SCV  
  115  15:53  Supply Depot  
  115  15:55  Supply Depot  
  117  15:57  SCV  
  117  16:02  Supply Depot  
  117  16:03  Marine x3  
  120  16:13  Medivac  
  120  16:14  Medivac  
  120  16:17  Supply Depot  
  124  16:19  Medivac, Supply Depot  
  124  16:21  Marine x3  
  129  16:25  Supply Depot  
  129  16:37  Supply Depot  
  129  16:39  Marine x3  
  132  16:43  Medivac  
  132  16:44  Medivac  
  136  16:48  Medivac  
  136  16:49  Supply Depot  
  136  16:50  Supply Depot  
  138  16:56  Marine  
  138  16:57  Marine x2  
  138  16:59  Supply Depot  
  138  17:01  Marine x2  
  141  17:02  Marine x2  
  145  17:09  Barracks  
  145  17:13  Medivac  
  145  17:14  Medivac, Supply Depot, Marine x3  
  152  17:18  Medivac  
  152  17:19  Marine x2  
  152  17:20  Marine x2  
  158  17:23  Supply Depot  
  158  17:32  Marine x3  
  158  17:37  Marine x2, Supply Depot  
  161  17:38  Marine x2  
  161  17:43  Medivac  
  167  17:44  Medivac  
  167  17:46  Supply Depot  
  167  17:48  Medivac  
  167  17:50  Marine x2  
  173  17:52  Marine  
  173  17:54  Marine x2  
  173  17:55  Marine x2  
  173  17:57  Barracks  
  178  18:00  Supply Depot  
  178  18:08  Marine x2  
  178  18:10  Supply Depot, Marine  
  178  18:12  Marine x2  
  183  18:13  Medivac, Marine x2  
  183  18:14  Medivac  
  183  18:18  Medivac  
  188  18:25  Marine  
  188  18:26  Marine  
  179  18:28  Marine  
  180  18:43  Medivac, Marine x2  
  180  18:44  Medivac  
  180  18:45  Marine  
  187  18:48  Medivac  
  103  19:13  Medivac, Marine x3  
  103  19:14  Medivac  
  110  19:18  Medivac  
  112  19:31  Marine x3  
  115  19:43  Medivac  
  115  19:44  Medivac  
  119  19:49  Marine x3  
  122  19:54  Medivac  
  124  20:06  Marine  
  124  20:07  Marine x2  
  127  20:24  Marine  
  127  20:25  Marine x2  
  130  20:42  Marine x3  
  133  21:00  Marine x3  
  133  21:02  Medivac x2  
  133  21:03  Medivac  
  142  21:18  Marine x3  
  145  21:36  Marine x2  
  147  21:53  Marine x2  
  147  21:54  Marine  
  144  22:11  Marine x3  
  52  22:58  Marine  
Show
View Real Time Build Order
Export as new Build Order

athabstract Protoss 

Build Orders:  

Get SALT Encoding   

  12  0:01  Probe  
  13  0:16  Pylon  
  13  0:19  Probe  
  14  0:31  Probe  
  15  0:40  Gateway  
  15  0:48  Probe (Chrono Boost)  
  17  0:59  Assimilator  
  17  1:00  Probe (Chrono Boost)  
  17  1:02  Probe (Chrono Boost)  
  19  1:14  Probe (Chrono Boost)  
  19  1:16  Probe, Assimilator  
  20  1:23  Pylon  
  20  1:29  Zealot  
  22  1:44  Cybernetics Core  
  23  1:54  Probe  
  23  1:58  Zealot  
  25  2:06  Probe  
  26  2:10  Gateway  
  26  2:11  Gateway  
  26  2:21  Warp Gate (Chrono Boost)  
  26  2:31  Pylon  
  26  2:37  Robotics Facility  
  26  2:42  Stalker  
  28  2:49  Probe  
  29  3:05  Probe  
  30  3:12  Stalker  
  31  3:30  Stalker x2  
  35  3:35  Probe  
  36  3:42  Pylon  
  36  3:44  Observer  
  36  3:45  Pylon  
  37  4:19  Observer  
  37  4:21  Stalker  
  37  4:22  Stalker x2  
  44  4:41  Immortal  
  48  4:50  Forge  
  48  4:51  Stalker  
  48  4:52  Stalker, Twilight Council  
  52  4:56  Stalker  
  54  5:05  Pylon  
  54  5:16  Pylon  
  54  5:23  Protoss Ground Weapons Level 1  
  54  5:34  Immortal  
  58  6:01  Blink  
  58  6:05  Zealot  
  58  6:06  Zealot x2  
  56  7:13  Stalker x3  
  62  7:18  Protoss Ground Armor Level 1  
  62  7:31  Nexus  
  62  7:34  Assimilator  
  62  7:36  Assimilator  
  62  7:37  Probe  
  62  7:42  Pylon  
  61  7:44  Pylon  
  61  7:49  Probe  
  60  8:01  Probe  
  60  8:02  Charge  
  39  8:15  Stalker x3  
  43  8:28  Probe (Chrono Boost)  
  43  8:31  Robotics Bay  
  44  8:40  Probe (Chrono Boost)  
  45  9:02  Immortal  
  49  9:06  Stalker x2  
  49  9:08  Probe  
  54  9:10  Probe  
  55  9:27  Probe (Chrono Boost)  
  55  9:29  Probe (Chrono Boost)  
  57  9:36  Protoss Ground Weapons Level 2  
  59  9:39  Probe (Chrono Boost)  
  59  9:40  Probe (Chrono Boost)  
  59  9:41  Probe  
  59  9:42  Probe  
  61  9:47  Extended Thermal Lance  
  61  10:01  Disruptor  
  64  10:08  Probe (Chrono Boost)  
  64  10:11  Probe (Chrono Boost)  
  66  10:20  Probe x2 (Chrono Boost)  
  68  10:22  Probe x2  
  70  10:29  Nexus  
  70  10:33  Assimilator  
  70  10:34  Probe  
  70  10:35  Assimilator  
  71  10:52  Observer  
  72  10:59  Stalker  
  72  11:00  Stalker x2  
  72  11:03  Probe x2  
  80  11:15  Probe x2  
  82  11:27  Probe x2  
  82  11:28  Pylon  
  84  11:32  Pylon  
  84  11:39  Gateway x2  
  84  11:47  Gateway  
  86  11:55  Probe (Chrono Boost)  
  86  11:56  Probe (Chrono Boost)  
  86  11:57  Probe (Chrono Boost)  
  87  12:07  Probe (Chrono Boost)  
  87  12:08  Probe x2 (Chrono Boost)  
  90  12:09  Probe  
  90  12:15  Probe x2, Stalker x2  
  92  12:16  Stalker  
  92  12:21  Colossus  
  105  12:23  Gravitic Drive  
  105  12:59  Protoss Ground Armor Level 2 (Chrono Boost)  
  105  13:14  Colossus  
  105  13:15  Pylon  
  105  13:17  Pylon  
  111  13:22  Pylon  
  101  14:10  Stalker x2  
  101  14:11  Stalker x3  
  101  14:12  Stalker  
  81  14:25  Colossus  
  85  14:37  Robotics Facility  
  85  14:43  Robotics Facility  
  85  14:53  Gateway  
  85  14:55  Gateway  
  85  14:57  Gateway  
  85  14:58  Gateway  
  85  14:59  Gateway  
  85  15:01  Gateway  
  85  15:05  Resonating Glaives, Protoss Ground Weapons Level 3  
  85  15:08  Stalker x2  
  85  15:09  Stalker x3  
  85  15:10  Stalker  
  97  15:18  Colossus  
  103  15:35  Colossus  
  109  15:48  Colossus  
  115  16:12  Colossus  
  121  16:23  Pylon  
  121  16:25  Pylon  
  121  16:29  Colossus  
  121  16:30  Pylon, Stalker x3  
  121  16:31  Stalker x4  
  141  16:33  Pylon  
  141  16:41  Colossus  
  147  16:52  Stalker x2  
  147  16:53  Stalker x3  
  157  17:05  Colossus  
  163  17:20  Pylon  
  163  17:21  Pylon  
  163  17:23  Pylon, Colossus  
  163  17:24  Pylon, Stalker  
  163  17:25  Stalker  
  163  17:27  Pylon  
  173  17:37  Colossus  
  173  17:43  Protoss Shields Level 1, Stalker x4  
  187  17:44  Stalker  
  187  17:45  Stalker x2  
  187  17:46  Stalker x2  
  187  18:16  Colossus  
  167  18:26  Stalker x3  
  167  18:27  Stalker x5  
  167  18:28  Stalker  
  167  18:29  Stalker x2  
  179  19:18  Observer  
  180  19:26  Stalker  
  180  19:27  Stalker x5  
  180  19:28  Stalker x2  
  180  19:29  Stalker x2  
  189  19:39  Observer  
  113  20:28  Cybernetics Core  
  113  20:29  Zealot x4  
  113  20:30  Zealot x3  
  113  20:31  Cybernetics Core  
  106  21:07  Stalker  
  106  21:08  Stalker x2  
  106  21:09  Stalker x2  
  116  21:15  Stalker x2  
  116  21:16  Stalker x2  
  118  21:50  Stalker  
  118  21:51  Stalker x2  
  71  22:31  Stalker x2  
  71  22:32  Stalker x4  
  71  22:33  Stalker  
  73  22:58  Stalker x2  
  73  22:59  Stalker x3  
  73  23:00  Stalker x2  
Tags
 
Add a new tag
Caveats
  • Supply blocks, unpowered buildings, or Contaminate may cause inaccurate times.
  • Supply counts are checked every 10 seconds.